Map: King's Cove LE

Players

Kas

  • Race: Terran Terran
  • League: Grandmaster
  • Spawn Location: 11:00

GunGFuBanDa - Winner!

  • Race: Protoss Protoss
  • League: Master
  • Spawn Location: 5:00

Event: 2019 WCS Winter Europe

VOD

Have the link to the VOD?

Description

Time

  • Played on: Feb. 7, 2019, 11:11 a.m.
  • Length: 12:23

All games in this series

Show
View Real Time Build Order
Export as new Build Order

Kas Terran 

Build Orders:  

Get SALT Encoding   

  12  0:00  SCV  
  13  0:12  SCV  
  14  0:17  Supply Depot  
  14  0:25  SCV  
  15  0:39  SCV  
  15  0:41  Barracks  
  16  0:43  Refinery  
  16  0:51  SCV  
  17  1:03  SCV  
  18  1:15  SCV  
  19  1:27  Marine  
  19  1:28  Orbital Command  
  20  1:46  Command Center  
  20  1:50  Marine  
  21  1:55  SCV  
  22  2:03  Supply Depot  
  22  2:06  Bunker  
  22  2:11  Marine  
  22  2:17  SCV  
  23  2:22  Factory  
  23  2:29  SCV  
  24  2:30  Marine  
  25  2:40  Refinery  
  25  2:41  SCV  
  26  2:52  Barracks Reactor  
  26  2:53  SCV  
  27  2:59  Orbital Command  
  27  3:05  SCV  
  28  3:06  Starport, Factory Tech Lab  
  28  3:17  SCV  
  29  3:25  SCV, Widow Mine  
  32  3:29  Marine  
  32  3:30  Marine  
  32  3:31  SCV  
  35  3:35  Barracks  
  35  3:37  SCV  
  36  3:42  Medivac  
  36  3:43  SCV  
  36  3:46  Widow Mine  
  41  3:51  SCV, Supply Depot  
  41  3:54  Marine x2  
  44  3:57  SCV  
  45  4:03  SCV  
  45  4:05  Barracks  
  46  4:16  Factory Reactor  
  47  4:17  SCV, Starport Tech Lab  
  47  4:19  Orbital Command  
  47  4:20  Marine x2  
  47  4:23  Supply Depot  
  49  4:29  SCV  
  50  4:32  Marine  
  50  4:38  Marine x2  
  53  4:46  Starport Reactor  
  53  4:48  Engineering Bay  
  53  4:49  SCV  
  53  4:51  SCV  
  55  4:53  Marauder  
  55  4:56  Refinery  
  55  4:58  Marine  
  55  4:59  Marine  
  59  5:02  Marauder  
  59  5:06  SCV  
  62  5:09  Supply Depot  
  62  5:12  Supply Depot  
  62  5:21  SCV  
  62  5:23  SCV  
  62  5:26  Terran Infantry Weapons Level 1  
  62  5:31  Marauder, Medivac x2  
  62  5:33  Marauder  
  70  5:35  Marine x2  
  70  5:39  Supply Depot  
  70  5:40  SCV x2  
  74  5:44  Missile Turret  
  78  5:50  Widow Mine x2  
  78  6:00  SCV x2, Marine x2  
  78  6:01  Marauder x2  
  86  6:10  Supply Depot x2  
  86  6:13  Medivac x2  
  86  6:14  Widow Mine  
  86  6:18  Marine  
  89  6:34  Barracks, Barracks Tech Lab  
  89  6:35  Barracks Tech Lab  
  89  6:36  Barracks  
  89  6:38  Widow Mine x2  
  91  6:54  Combat Shield  
  91  6:55  Stimpack  
  91  6:57  SCV  
  91  7:00  SCV  
  93  7:02  Marauder x2  
  93  7:03  Marine x2  
  93  7:05  Command Center  
  99  7:09  Widow Mine x2  
  99  7:12  Supply Depot  
  103  7:16  SCV x2  
  105  7:24  Barracks Tech Lab, Barracks Reactor, Refinery  
  105  7:29  Viking  
  107  7:30  Viking  
  107  7:31  SCV  
  107  7:34  SCV  
  107  7:36  Marauder  
  103  7:44  Marauder x2, Marine  
  103  7:45  Marine  
  103  7:47  Concussive Shells  
  103  7:49  Terran Infantry Armor Level 1  
  109  7:52  SCV  
  109  7:53  SCV  
  109  7:57  Supply Depot  
  106  8:14  SCV x2  
  106  8:19  Orbital Command  
  108  8:25  Marauder x2, Marine x3  
  108  8:26  SCV x2, Marauder, Marine  
  120  8:38  SCV  
  120  8:39  Ghost Academy  
  121  8:41  Viking  
  121  8:43  Viking  
  121  8:46  Marauder  
  116  9:03  SCV  
  116  9:08  SCV  
  103  9:16  Marine x2  
  103  9:17  Marauder x2, Marine  
  92  9:18  Viking x2  
  92  9:21  SCV x2  
  92  9:23  Starport  
  95  9:26  Marauder  
  95  9:27  SCV  
  95  9:29  Marine  
  90  9:33  SCV x2  
  90  9:34  Marine  
  90  9:38  Marauder  
  95  9:39  SCV, Marauder  
  95  9:40  Missile Turret, Marine  
  95  9:41  Marine  
  100  9:48  Armory, Marauder, Medivac x2  
  100  9:51  Marine  
  100  9:52  Marine  
  108  9:53  SCV x2  
  108  9:58  Refinery  
  108  9:59  Marauder  
  112  10:00  SCV  
  112  10:01  Marauder, Viking  
  112  10:03  Medivac  
  112  10:05  SCV  
  112  10:06  Marine x2  
  122  10:11  SCV, Refinery  
  122  10:12  SCV  
  124  10:18  Marauder  
  124  10:21  Marauder  
  128  10:23  Supply Depot  
  128  10:26  Viking x2  
  134  10:31  Ghost  
  134  10:38  Ghost  
  136  10:45  Marine x2  
  136  10:46  Marine x2  
  136  10:48  Supply Depot  
  140  10:51  Supply Depot  
  140  10:53  Supply Depot  
  140  10:54  Supply Depot x2  
  140  11:03  Marauder  
  140  11:04  Viking x3  
  146  11:08  Supply Depot  
  146  11:09  Viking  
  150  11:13  Marauder x2, Marine  
  150  11:16  Marine x2  
  150  11:17  Marine  
  158  11:27  Marauder  
  158  11:31  Marine  
  161  11:34  Viking, Marauder  
  161  11:35  Marauder, Marine x2  
  167  11:48  Marauder  
Show
View Real Time Build Order
Export as new Build Order

GunGFuBanDa Protoss - Winner!

Build Orders: Blink Stalkers 

Get SALT Encoding   

  12  0:00  Probe  
  13  0:12  Probe  
  14  0:17  Pylon  
  14  0:23  Probe  
  15  0:31  Probe  
  16  0:38  Gateway  
  16  0:39  Probe  
  16  0:48  Assimilator  
  17  0:52  Probe  
  18  1:00  Pylon  
  19  1:04  Probe  
  19  1:17  Probe  
  20  1:20  Gateway  
  20  1:29  Cybernetics Core  
  20  1:36  Zealot  
  22  1:40  Probe  
  23  1:52  Probe  
  24  2:01  Stalker  
  23  2:04  Probe  
  26  2:12  Warp Gate  
  28  2:17  Probe  
  27  2:29  Nexus  
  27  2:31  Probe  
  28  2:38  Assimilator  
  28  2:40  Sentry  
  30  2:50  Probe, Pylon  
  31  3:05  Twilight Council  
  31  3:06  Probe  
  31  3:12  Stalker  
  34  3:14  Probe  
  35  3:22  Probe  
  36  3:31  Gateway  
  36  3:33  Blink  
  36  3:34  Probe  
  36  3:37  Gateway  
  37  3:45  Probe x2  
  37  3:53  Probe x2  
  41  4:02  Probe  
  41  4:07  Robotics Facility  
  41  4:08  Probe  
  43  4:15  Probe  
  43  4:16  Probe  
  44  4:19  Pylon  
  45  4:24  Probe  
  46  4:31  Stalker x3  
  46  4:33  Probe  
  53  4:40  Stalker  
  53  4:42  Probe  
  53  4:45  Probe  
  57  4:50  Pylon  
  57  4:51  Assimilator  
  57  4:57  Stalker  
  57  4:58  Stalker  
  61  5:00  Probe  
  61  5:06  Pylon  
  62  5:08  Probe  
  62  5:09  Observer  
  61  5:21  Probe  
  61  5:23  Probe  
  63  5:32  Observer  
  63  5:33  Probe  
  63  5:35  Probe  
  65  5:42  Stalker x2  
  68  5:46  Probe, Pylon  
  68  5:47  Probe  
  71  5:52  Forge  
  71  5:53  Forge  
  71  5:55  Pylon  
  71  5:56  Charge, Probe  
  72  5:59  Probe  
  74  6:09  Nexus  
  74  6:21  Observer  
  74  6:22  Shield Battery x2  
  74  6:23  Observer  
  74  6:24  Assimilator  
  72  6:33  Zealot  
  72  6:34  Stalker, Zealot  
  72  6:36  Protoss Ground Armor Level 1  
  72  6:37  Protoss Ground Weapons Level 1  
  78  6:41  Pylon  
  78  6:47  Probe  
  78  6:50  Gateway  
  78  6:57  Immortal  
  78  7:00  Pylon  
  82  7:06  Robotics Bay  
  82  7:19  Nexus  
  82  7:20  Observer  
  82  7:25  Pylon  
  82  7:26  Gateway  
  82  7:27  Gateway  
  82  7:30  Gateway  
  82  7:32  Pylon  
  82  7:35  Probe x2  
  82  7:36  Observer  
  84  7:47  Colossus  
  84  7:49  Probe x2  
  86  7:51  Observer  
  86  7:52  Zealot, Sentry  
  86  7:53  Pylon  
  96  8:00  Pylon  
  96  8:11  Probe x2  
  96  8:17  Extended Thermal Lance  
  96  8:23  Zealot x3, Probe x2  
  96  8:25  Observer  
  96  8:26  Colossus  
  104  8:28  Templar Archives  
  104  8:40  Shield Battery  
  104  8:42  Pylon  
  104  8:46  Probe x2  
  112  8:54  Pylon  
  106  8:57  Probe  
  106  9:00  Probe  
  106  9:01  Stalker, Zealot x3  
  113  9:03  Protoss Ground Armor Level 2  
  113  9:04  Probe  
  110  9:10  Protoss Ground Weapons Level 2  
  110  9:15  Stalker, Zealot x2  
  98  9:21  Psionic Storm  
  98  9:22  Observer, Probe x2  
  106  9:27  Observer  
  106  9:33  Probe  
  106  9:34  Probe  
  106  9:35  Assimilator, Probe  
  106  9:36  Assimilator  
  107  9:52  Immortal  
  107  9:53  High Templar  
  107  9:54  Zealot x3  
  107  9:59  High Templar  
  117  10:02  Pylon  
  117  10:08  High Templar  
  117  10:09  Zealot  
  117  10:13  Gateway  
  121  10:16  Photon Cannon  
  121  10:19  High Templar  
  123  10:22  Gateway  
  123  10:23  Pylon  
  123  10:25  Nexus  
  127  10:35  Immortal  
  127  10:39  Dark Shrine  
  127  10:46  Probe x3  
  130  10:50  High Templar  
  130  10:51  Pylon  
  132  11:01  High Templar x2  
  132  11:02  Zealot x4, Observer  
  144  11:06  Archon  
  144  11:07  Probe x3  
  144  11:09  Gravitic Drive  
  147  11:12  Pylon  
  149  11:28  Zealot x3  
  149  11:31  Zealot  
  157  11:42  Zealot x2  
  157  11:43  Zealot x2  
  157  11:46  Disruptor  
  163  12:03  Archon  
  163  12:05  Zealot x9  
  181  12:11  Probe x2  
Tags
 
Add a new tag
Caveats
  • Supply blocks, unpowered buildings, or Contaminate may cause inaccurate times.
  • Supply counts are checked every 10 seconds.